 Dungeon Crawl Stone Soup version 0.29.1-1-gd02db69 (webtiles) character file.

Game seed: 8800972721485960621

130 Nuqeye the Magician (level 4, -6/21 HPs)
             Began as a Spriggan Venom Mage on Apr 15, 2023.
             Killed from afar by Ijyb (11 damage)
             ... with a puff of flame
             ... on level 3 of the Dungeon.
             The game lasted 00:30:14 (4182 turns).

Nuqeye the Magician (Spriggan Venom Mage)           Turns: 4182, Time: 00:30:16

Health: -6/21      AC:  3    Str: 10    XL:     4   Next: 90%
Magic:  7/11       EV: 17    Int: 18    God:
Gold:   54         SH:  0    Dex: 15    Spells: 9/12 levels left

rFire   . . .      SeeInvis +   e - +2 dagger (flame)
rCold   . . .      Faith    .   (no shield)
rNeg    . . .      Spirit   .   a - +0 robe
rPois   .          Reflect  .   (helmet restricted)
rElec   .          Harm     .   c - +0 cloak
rCorr   .          Rampage  .   (gloves unavailable)
Will    +....                   (boots unavailable)
Stlth   ++........              (no amulet)
HPRegen 0.07/turn               k - +6 ring of strength
MPRegen 0.12/turn               l - ring of willpower

@: very slightly contaminated, very quick
A: very small, no large weapons, unfitting armour, see invisible, speed 3
a: no special abilities


You were on level 3 of the Dungeon.
You visited 1 branch of the dungeon, and saw 3 of its levels.

You collected 54 gold pieces.

Inventory:

Hand Weapons
 e - a +2 dagger of flaming (weapon)
Missiles
 g - 34 stones
Armour
 a - a +0 robe (worn)
 c - a +0 cloak (worn)
Jewellery
 k - a +6 ring of strength (left hand)
 l - a ring of willpower (right hand)
Wands
 i - a wand of flame (19)
Scrolls
 j - a scroll of teleportation
 m - a scroll of immolation {unknown}
Potions
 f - 2 potions of attraction
 h - a potion of mutation {unknown}


   Skills:
 - Level 2.9 Dodging
 - Level 3.2 Stealth
 + Level 4.7 Spellcasting
 - Level 1.3 Transmutations
 + Level 1.4 Air Magic
 - Level 4.0 Poison Magic


You had 9 spell levels left.
You knew the following spells:

 Your Spells              Type           Power      Damage    Failure   Level
s - Sting                 Tmut/Pois      52%        1d5       4%          1
v - Poisonous Vapours     Pois/Air       28%        N/A       7%          2

Your spell library contained the following spells:

 Spells                   Type           Power      Damage    Failure   Level
 Mephitic Cloud           Conj/Pois/Air  10%        N/A       21%         3
 Olgreb's Toxic Radiance  Pois           18%        N/A       26%         4


Dungeon Overview and Level Annotations

Branches:
Dungeon (3/15)

Altars:

Annotations:
D:3 Ijyb


Innate Abilities, Weirdness & Mutations

You are very small and have problems with some larger weapons.
You are too small for most types of armour.
You have supernaturally acute eyesight. (SInv)
You cover ground extremely quickly. (Speed+++)


Message History

Press: ? - help, Shift-Dir - straight line, f/p - Ijyb
Aim: Ijyb, wielding a +0 club, wearing a +0 scale mail and carrying a wand of flame (18) (moderately wounded, very poisoned, 68% to hit)
The sting misses Ijyb.
Ijyb hits you with a +0 club. Magic courses through your body.
Ijyb zaps a wand.
The puff of flame misses you.
You are too injured to fight recklessly!
Casting: Sting (safe; 4% risk of failure)
Confirm with . or Enter, or press ? or * to list all spells.
Aiming: Poisonous Vapours (safe; 7% risk of failure)
Press: ? - help, Dir - move target, f/p - Ijyb
Aim: Ijyb, wielding a +0 club, wearing a +0 scale mail and carrying a wand of flame (17) (heavily wounded, very poisoned) Poisonous vapours surround Ijyb!
Ijyb looks even sicker.
Ijyb screams, "I cut your head off!" Ijyb hits you with a +0 club.
* * * LOW HITPOINT WARNING * * *
Casting: Poisonous Vapours (safe; 7% risk of failure)
Confirm with . or Enter, or press ? or * to list all spells.
Aiming: Sting (safe; 4% risk of failure)
Press: ? - help, Shift-Dir - straight line, f/p - Ijyb
Aim: Ijyb, wielding a +0 club, wearing a +0 scale mail and carrying a wand of flame (17) (heavily wounded, very poisoned, 68% to hit)
The sting misses Ijyb.
Ijyb screams, "It's all mine!"
Ijyb misses you.
Casting: Sting (safe; 4% risk of failure)
Confirm with . or Enter, or press ? or * to list all spells.
Aiming: Sting (safe; 4% risk of failure)
Press: ? - help, Shift-Dir - straight line, f/p - Ijyb
Aim: Ijyb, wielding a +0 club, wearing a +0 scale mail and carrying a wand of flame (17) (heavily wounded, very poisoned, 68% to hit)
You miscast Sting.
Nothing appears to happen.
You see here a +0 club.
Casting: Sting (safe; 4% risk of failure)
Confirm with . or Enter, or press ? or * to list all spells.
Aiming: Sting (safe; 4% risk of failure)
Press: ? - help, Shift-Dir - straight line, f/p - Ijyb
Aim: Ijyb, wielding a +0 club, wearing a +0 scale mail and carrying a wand of flame (17) (severely wounded, very poisoned, 68% to hit)
The sting hits Ijyb but does no damage.
Ijyb looks even sicker.
Ijyb is severely wounded.
Ijyb zaps a wand.
The puff of flame hits you!
Ouch! That really hurt!
You die...

#. #...# #### #...# ...#
####...# ##+
##.####.##...######.....
##.##........#..@...#
........#.)...g######
...............#
###.#.#.#......#
....#.........##
.#........<...#
.#.........########
##.........##.....#
.##.#......##.....#


You could see Ijyb (very poisoned).

Vanquished Creatures
  3 adders (D:2)
  5 worms (D:2)
  3 dart slugs
  An orc (D:3)
  7 endoplasms
  7 giant cockroaches
  11 goblins
  6 hobgoblins
  4 jackals
  6 ball pythons
  6 bats
  4 frilled lizards
  9 kobolds
  2 rats
74 creatures vanquished.

Notes
Turn   | Place    | Note
-------+----------+-------------------------------------------
     0 | D:1      | Nuqeye the Spriggan Venom Mage began the quest for the Orb.
     0 | D:1      | Reached XP level 1. HP: 9/9 MP: 5/5
   193 | D:1      | Reached XP level 2. HP: 10/13 MP: 1/7
   778 | D:1      | Reached XP level 3. HP: 15/16 MP: 6/9
  1187 | D:2      | Learned a level 2 spell: Poisonous Vapours
  1615 | D:2      | Reached XP level 4. HP: 21/21 MP: 2/11
  1963 | D:2      | Found a faded altar of an unknown god.
  2838 | D:2      | Reached skill level 1 in Air Magic
  3985 | D:3      | Noticed Ijyb
  4182 | D:3      | Killed from afar by Ijyb

Illustrated notes

Levels and vault maps discovered:
D:1:      nzn_arrival_depleted_hourglass, layout_basic
D:2:      minmay_skewed_foursquare, layout_basic,
          ebering_ecumenical_altar_ruins, st_stairs_7, nicolae_wormholes
D:3:      kennysheep_the_goblin_king, layout_basic, serial_shops,
          nicolae_shop_hallway_plus

Skill      XL: |  1  2  3  4 |
---------------+-------------+-----
Spellcasting   | 3 4 |  4.7
Poison Magic   | 4 |  4.0
Air Magic      | 1 |  1.4
Dodging        | |  2.9
Stealth        | |  3.2
Transmutations | |  1.3

Action                   |  1- 3 |  4- 6 || total
-------------------------+-------+-------++-------
Melee: Unarmed           |     9 |       ||     9
       Dagger            |    20 |    18 ||    38
Throw: Stone             |     5 |       ||     5
 Cast: Sting             |    62 |    18 ||    80
       Poisonous Vapours |    12 |    81 ||    93
  Use: Scroll            |       |     3 ||     3
       Potion            |       |     2 ||     2
 Stab: Sleeping          |     2 |       ||     2
Armor: Robe              |     3 |       ||     3
Dodge: Dodged            |    21 |    12 ||    33
